 Dungeon Crawl Stone Soup version 0.29.0-11-gd7f09526c8 (webtiles) character file.

Game seed: 15145517227000317638

27 smilodon the Trooper (level 2, -2/24 HPs)
             Began as a Demonspawn Fighter on Sept 2, 2022.
             Was an Initiate of Gozag.
             Slain by an ogre
             ... wielding a +0 giant club
              (26 damage)
             ... on level 2 of the Dungeon.
             The game lasted 00:01:35 (1209 turns).

smilodon the Trooper (Demonspawn Fighter)           Turns: 1209, Time: 00:01:37

Health: -2/24      AC:  6    Str: 16    XL:     2   Next: 93%
Magic:  2/2        EV:  9    Int:  9    God:    Gozag
Gold:   118        SH:  5    Dex: 14    Spells: 1/1 levels left

rFire   . . .      SeeInvis .   a - +0 war axe
rCold   . . .      Faith    .   c - +0 buckler
rNeg    . . .      Spirit   .   b - +0 scale mail
rPois   .          Reflect  .   (no helmet)
rElec   .          Harm     .   (no cloak)
rCorr   .          Rampage  .   (no gloves)
Will    .....                   (no boots)
Stlth   +.........              (no amulet)
HPRegen 0.08/turn               (no ring)
MPRegen 0.08/turn               (no ring)

@: no status effects
A: thin skeletal structure 1
a: Renounce Religion, Potion Petition, Call Merchant, Bribe Branch


You were on level 2 of the Dungeon.
You worshipped Gozag.
Gozag was aware of your devotion.
You visited 1 branch of the dungeon, and saw 2 of its levels.

You collected 118 gold pieces.

Inventory:

Hand Weapons
 a - a +0 war axe (weapon)
Armour
 b - a +0 scale mail (worn)
 c - a +0 buckler (worn)
Scrolls
 f - a scroll of identify
Potions
 d - a potion of might
 e - a potion of berserk rage
 g - a potion of flight {unknown}


   Skills:
 + Level 3.2 Fighting
 + Level 2.1 Axes
 + Level 3.0 Armour
 + Level 0.4 Dodging
 * Level 0.2 Stealth
 + Level 3.0 Shields


You had one spell level left.
You didn't know any spells.
Your spell library was empty.

Dungeon Overview and Level Annotations

Branches:
Dungeon (2/15)

Altars:
Gozag

Shops:
D:1 ?


Innate Abilities, Weirdness & Mutations

You have a somewhat thin skeletal structure. (Dex +2, Stealth+)


Message History

The jackal is heavily wounded.
The jackal closely misses you.
The jackal bites you but does no damage.
You hit the jackal.
You kill the jackal!
No target in view!
No target in view!
No target in view!
No target in view!
No target in view!
No target in view!
No target in view!
No target in view!
No target in view!
No target in view!
No target in view!
No target in view!
No target in view!
HP restored.
Found an escape hatch in the ceiling.
You now have 92 gold pieces (gained 14).
You now have 101 gold pieces (gained 9).
You see here a +0 whip.
You now have 110 gold pieces (gained 9).
You now have 118 gold pieces (gained 8).
g - a white potion An ogre comes into view.
It is wielding a +0 giant club.
The ogre shouts!
An ogre is nearby!
A rat comes into view.
The ogre closely misses you.
You hit the ogre but do no damage. The ogre barely misses you.
An adder comes into view.
You hit the ogre.
The ogre is lightly wounded.
You barely miss the rat. The rat barely misses you.
The ogre hits you with a +0 giant club!!
Ouch! That really hurt!
You die...
Your body crumbles into a pile of gold.

..........#
#.......#
##.....# #...)#
#....# ..####
#....#
....?#####....#
###........<.#
#..r@.###....#
#..O..# #....#
.........#
#....#
.........#
######
.........# $
.....#####
..... ....#


You could see an ogre and a rat.

Vanquished Creatures
  2 endoplasms (D:1)
  4 giant cockroaches (D:1)
  A goblin (D:1)
  A hobgoblin (D:1)
  7 jackals
  A bat (D:1)
  A frilled lizard (D:1)
  2 kobolds
  5 rats (D:1)
24 creatures vanquished.

Notes
Turn   | Place    | Note
-------+----------+-------------------------------------------
     0 | D:1      | smilodon the Demonspawn Fighter began the quest for the
                  | Orb.
     0 | D:1      | Reached XP level 1. HP: 18/18 MP: 1/1
   197 | D:1      | Gained mutation: You have a somewhat thin skeletal
                  | structure. (Dex +2, Stealth+) [demonic ancestry]
   197 | D:1      | Reached XP level 2. HP: 24/24 MP: 2/2
   593 | D:1      | Found a faded altar of an unknown god.
   716 | D:1      | Prayed at the altar of an unknown god.
   716 | D:1      | Became a worshipper of Gozag Ym Sagoz the Greedy
   845 | D:1      | Found Jajiary's Magic Scroll Shop.
  1204 | D:2      | Noticed an ogre
  1209 | D:2      | Slain by an ogre

Illustrated notes

Levels and vault maps discovered:
D:1:      saegor_arrival_miasma, layout_loops_ring, serial_shops,
          nicolae_shop_hallway_plus, serial_aquarium, aquarium_bridge_straight
          [aquarium_subvault_bridge, aquarium_subvault_balcony,
          aquarium_subvault_bridge, aquarium_subvault_wall],
          aquarium_bridge_straight [aquarium_subvault_bridge,
          aquarium_subvault_wall, aquarium_subvault_bridge,
          aquarium_subvault_wall], aquarium_window_3, aquarium_window_corner,
          aquarium_window_1, aquarium_view_2c, aquarium_view_2d,
          ebering_ecumenical_altar_hall
D:2:      layout_rooms

Skill      XL: |  1  2 |
---------------+-------+-----
Shields        | 3 |  3.0
Axes           | 2 |  2.1
Armour         | 3 |  3.0
Fighting       | |  3.2
Dodging        | |  0.4
Stealth        | |  0.2

Action                   || total
-------------------------++-------
Melee: War axe           ||    63
  Use: Scroll            ||     1
 Stab: Sleeping          ||     1
Armor: Scale mail        ||    32
Dodge: Dodged            ||    46
Block: Buckler           ||    17
